 Dungeon Crawl Stone Soup version 0.28.0-45-g0d030f2227 (webtiles) character file.

Game seed: 10118984166343078820

26 Mitsuki the Conjurer (level 2, -1/15 HPs)
             Began as a Deep Elf Conjurer on Apr 6, 2022.
             Slain by an iguana (11 damage)
             ... on level 2 of the Dungeon.
             The game lasted 00:02:11 (1246 turns).

Mitsuki the Conjurer (Deep Elf Conjurer)            Turns: 1246, Time: 00:02:12

Health: -1/15      AC:  2    Str:  4    XL:     2   Next: 89%
Magic:  3/8        EV: 12    Int: 22    God:
Gold:   36         SH:  0    Dex: 13    Spells: 5/8 levels left

rFire   . . .      SeeInvis .   c - +0 dagger
rCold   . . .      Faith    .   (no shield)
rNeg    . . .      Spirit   .   a - +0 robe
rPois   +          Reflect  .   (no helmet)
rElec   .          Harm     .   (no cloak)
rCorr   .          Rampage  .   (no gloves)
Will    .....                   (no boots)
Stlth   ++........              (no amulet)
HPRegen 0.05/turn               i - ring of poison resistance
MPRegen 0.11/turn               (no ring)

@: no status effects
A: no striking features
a: no special abilities


You were on level 2 of the Dungeon.
You visited 1 branch of the dungeon, and saw 2 of its levels.

You collected 36 gold pieces.

Inventory:

Hand Weapons
 c - a +0 dagger (weapon)
Armour
 a - a +0 robe (worn)
Jewellery
 i - a ring of poison resistance (left hand)
Scrolls
 b - a scroll of vulnerability {unknown}
 f - 2 scrolls of identify {unknown}
 k - a scroll of enchant armour {unknown}
Potions
 d - a potion of curing
 e - a potion of magic {unknown}
 g - a potion of brilliance {unknown}
 h - a potion of heal wounds {unknown}
 j - a potion of ambrosia {unknown}


   Skills:
 - Level 2.4 Dodging
 - Level 2.4 Stealth
 + Level 3.6 Spellcasting
 * Level 5.1 Conjurations


You had 5 spell levels left.
You knew the following spells:

 Your Spells              Type           Power      Damage    Failure   Level
a - Magic Dart            Conj           100%       1d8       1%          1
b - Searing Ray           Conj           52%        2d6       2%          2

Your spell library contained the following spells:

 Spells                   Type           Power      Damage    Failure   Level
 Freeze                   Ice            12%        1d4       12%         1
 Dazzling Flash           Conj/Hex       30%        N/A       12%         3
 Frozen Ramparts          Ice            6%         1d2       34%         3
 Fulminant Prism          Conj/Hex       7%         3d7       38%         4
 Hailstorm                Conj/Ice       15%        3d5       38%         4
 Iskenderun's Mystic Bla  Conj/Tloc      15%        2d5       38%         4
 Petrify                  Tmut/Erth      3%         N/A       75%         4
 Iron Shot                Conj/Erth      7%         9d2       99%         6
 Starburst                Conj/Fire      7%         6d4       99%         6


Dungeon Overview and Level Annotations

Branches:
Dungeon (2/15)

Altars:
Ashenzari

Shops:
D:2 (


Message History

Confirm with . or Enter, or press ? or * to list all spells.
The magic dart hits the iguana but does no damage.
The iguana hisses angrily.
You now have 7/8 mp.
Casting: Magic Dart (safe; 1% risk of failure)
Confirm with . or Enter, or press ? or * to list all spells.
The magic dart hits the iguana.
The iguana is lightly wounded.
You now have 6/8 mp.
Casting: Magic Dart (safe; 1% risk of failure)
Confirm with . or Enter, or press ? or * to list all spells.
The magic dart hits the iguana.
The iguana is moderately wounded.
You now have 5/8 mp.
Casting: Magic Dart (safe; 1% risk of failure)
Confirm with . or Enter, or press ? or * to list all spells.
The magic dart hits the iguana but does no damage.
The iguana is moderately wounded.
You now have 4/8 mp.
Casting: Magic Dart (safe; 1% risk of failure)
Confirm with . or Enter, or press ? or * to list all spells.
The magic dart hits the iguana.
The iguana is moderately wounded.
You now have 3/8 mp.
Casting: Magic Dart (safe; 1% risk of failure)
Confirm with . or Enter, or press ? or * to list all spells.
The magic dart hits the iguana.
The iguana is moderately wounded.
You now have 2/8 mp.
You closely miss the iguana.
The iguana is moderately wounded.
The iguana bites you!
Ouch! That really hurt!
* * * LOW HITPOINT WARNING * * *
You take 12 damage, and have 3/15 hp.
MASSIVE DAMAGE!!
You are too injured to fight recklessly!
You see here a +0 leather armour.
It was a potion of curing.
You feel better. The iguana bites you!
Ouch! That really hurt!
You die...

#.........................
#...........##.### ##
#[.......##.##...# #
#........##....######
##........##.##.......
#.........##+##.###...
#.....#.......#.# #...
#....l#.......#.# #...
#....@#.......#.# ####
#.....#.......#.#
#.....######....# #.....#
.##.# #.....# #.....#
####### ####


You could see an iguana.

Vanquished Creatures
  An adder (D:2)
  2 endoplasms (D:1)
  A giant cockroach (D:2)
  A goblin (D:1)
  A hobgoblin (D:1)
  2 quokkas (D:1)
  4 ball pythons
  A bat (D:1)
  2 frilled lizards
  3 kobolds
18 creatures vanquished.

Notes
Turn   | Place    | Note
-------+----------+-------------------------------------------
     0 | D:1      | Mitsuki the Deep Elf Conjurer began the quest for the Orb.
     0 | D:1      | Reached XP level 1. HP: 10/10 MP: 6/6
   291 | D:1      | Reached XP level 2. HP: 15/15 MP: 5/8
   340 | D:1      | Got the Papyrus of the Scorching Mountains
   344 | D:1      | Learned a level 2 spell: Searing Ray
   671 | D:1      | Found a faded altar of an unknown god.
   975 | D:2      | Found a broken altar of Ashenzari.
  1056 | D:2      | Reached skill level 5 in Conjurations
  1088 | D:2      | Found Ejigub's Antique Weapon Emporium.
  1246 | D:2      | Slain by an iguana

Illustrated notes

Levels and vault maps discovered:
D:1:      psy_arrival_radial02, layout_basic,
          hellmonk_ecumenical_altar_leap_of_faith, minmay_misc_feat_chi,
          hangedman_glass_teeth, minmay_bisected
D:2:      layout_basic, basic_altar, serial_shops, shop_statue, shop

Skill      XL: |  1  2 |
---------------+-------+-----
Conjurations   | 5 |  5.1
Dodging        | |  2.4
Stealth        | |  2.4
Spellcasting   | |  3.6

Action                   || total
-------------------------++-------
Melee: Dagger            ||     1
 Cast: Magic Dart        ||    38
  Use: Potion            ||     1
Armor: Robe              ||     1
